 Dungeon Crawl Stone Soup version 0.31.0-12-g77e489cdc1 (webtiles) character file.

Game seed: 17275956426238880082

154735 gohu the Earth Mage (level 17, -6/111 HPs)
             Began as a Gargoyle Earth Elementalist on Mar 3, 2024.
             Was a Priest of Ashenzari.
             Mangled by a goliath frog (13 damage)
             ... on level 3 of the Swamp on Mar 4, 2024.
             The game lasted 02:21:41 (46293 turns).

gohu the Earth Mage (Gargoyle Earth Elementalist)  Turns: 46293, Time: 02:21:42

Health: -6/111     AC: 12    Str: 19    XL:     17   Next: 33%
Magic:  4/33       EV: 12    Int: 27    God:    Ashenzari [***...]
Gold:   1227       SH: 13    Dex: 10    Spells: 16/41 levels left

rFire   + . .        p - staff of Ashenzari's Regret (curse) {rElec Stlth+ Conj, Cun, Fort} (curse)
rCold   . . .        O - +2 buckler "Shackled Together" {Elem, Comp} (curse)
rNeg    + . .        z - +1 leather armour of Ashenzari's Fetters {rF+, Sorc, Cun} (curse)
rPois   ∞            (no helmet)
rElec   +            J - +0 cloak
rCorr   .            l - +0 pair of gloves "Ensconced Together" {Elem, Sorc} (curse)
SInv    +            m - +2 pair of boots
Will    ++...        s - amulet "Ludaorak" {Reflect Str+4 SH+5}
Stlth   +++          j - +6 ring of intelligence
HPRegen 0.38/turn    K - ring of the Visionary Comet {Will+, Self, Comp} (curse)
MPRegen 0.23/turn

%: reflection, clarity
@: corroded, flying, invisible
A: sickness immunity, AC +12, big wings, negative energy resistance 1,
electricity resistance, torment resistance 1, petrification resistance
}: 1/15 runes: decaying
a: Renounce Religion, Curse Item, Shatter the Chains


You were on level 3 of the Swamp.
You worshipped Ashenzari.
Ashenzari was most pleased with you.
You visited 5 branches of the dungeon, and saw 27 of its levels.
You also visited: Sewer.

You collected 3029 gold pieces.
You spent 1802 gold pieces at shops.

Inventory:

Hand Weapons
 D - the +4 dagger of Circularity {spect, rPois Will+}
   (You found it on level 6 of the Dungeon)

   rPois:     It protects you from poison Will+: It increases your willpower.
Missiles
 i - 15 boomerangs (quivered)
 V - 2 throwing nets
Armour
 l - the cursed +0 pair of gloves "Ensconced Together" (worn) {Elem, Sorc}
   (You found it on level 2 of the Dungeon)

   It has a curse which improves the following skills: Elements: Fire Magic, Ice
   Magic, Air Magic and Earth Magic.
   Sorcery:   Conjurations and Alchemy.
 m - a +2 pair of boots (worn)
 n - a +1 pair of gloves
 z - the cursed +1 leather armour of Ashenzari's Fetters (worn) {rF+, Sorc, Cun}
   (You took it off an orc on level 5 of the Dungeon)

   It has a curse which improves the following skills: Sorcery: Conjurations and
   Alchemy.
   Cunning:   Dodging and Stealth.
 H - the +0 robe of Orurek {Regen+ Slay+2}
   (You bought it in a shop on level 2 of the Orcish Mines)

   Slay+2:    It affects your accuracy & damage with ranged weapons and melee
   (+2).
   Regen+:    It increases your rate of health regeneration.
 J - a +0 cloak (worn)
 L - a +0 pair of boots
 O - the cursed +2 buckler "Shackled Together" (worn) {Elem, Comp}
   (You bought it in a shop on level 6 of the Dungeon)

   It has a curse which improves the following skills: Elements: Fire Magic, Ice
   Magic, Air Magic and Earth Magic.
   Companions: Summonings and Necromancy.
 R - a +0 kite shield
 U - +0 fire dragon scales
Magical Staves
 p - the cursed staff of Ashenzari's Regret (weapon) {rElec Stlth+ Conj, Cun, Fort}
   (You acquired it on level 3 of the Dungeon)

   [staff of conjuration]

   Base accuracy: +5 Base damage: 5 Base attack delay: 1.2 This weapon's minimum
   attack delay (0.6) is reached at skill level 12.
   rElec:     It insulates you from electricity.
   Stlth+:    It makes you more stealthy.
   Conj:      It increases the power of your Conjurations spells.
   It falls into the 'Staves' category.
   It is a one-handed weapon.
   It has a curse which improves the following skills: Cunning: Dodging and
   Stealth.
   Fortitude: Armour and Shields.
 X - a staff of earth
Jewellery
 j - a +6 ring of intelligence (left hand)
 s - the amulet "Ludaorak" (around neck) {Reflect Str+4 SH+5}
   (You bought it in a shop on level 2 of the Orcish Mines)

   [amulet of reflection]

   Reflect:   It reflects blocked missile attacks.
   Str+4:     It affects your strength (+4).
   SH+5:      It affects your SH (+5).
 u - a ring of magical power
 x - an amulet of the acrobat
 K - the cursed ring of the Visionary Comet (right hand) {Will+, Self, Comp}
   (You found it on level 7 of the Dungeon)

   [ring of willpower]

   Will+:     It increases your willpower.
   It has a curse which improves the following skills: Introspection: Fighting
   and Spellcasting.
   Companions: Summonings and Necromancy.
 S - a ring of magical power
 Z - a +5 ring of evasion
Wands
 a - a wand of polymorph (5)
 t - a wand of paralysis (17)
 E - a wand of roots (22)
 F - a wand of mindburst (21)
 T - a wand of digging (15)
Scrolls
 c - 8 scrolls of teleportation
 d - 5 scrolls of amnesia
 e - 8 scrolls of fog
 k - 4 scrolls of revelation
 o - 8 scrolls of enchant armour
 r - 8 scrolls of blinking
 v - 3 scrolls of poison
 y - 4 scrolls of enchant weapon
 M - 2 scrolls of fear
 W - 2 scrolls of silence
Potions
 b - 4 potions of magic
 f - 8 potions of heal wounds
 h - 7 potions of mutation
 q - a potion of invisibility
 w - 7 potions of might
 A - 2 potions of resistance
 B - 14 potions of curing
 C - 2 potions of brilliance
 G - 3 potions of lignification
 I - 3 potions of ambrosia
 N - 2 potions of enlightenment
 Q - 2 potions of cancellation
 Y - a potion of haste
Miscellaneous
 g - a phantom mirror
 P - a phial of floods


   Skills:
 - Level 12.8(14.2) Fighting
 - Level 1.0 Throwing
 + Level 10.0(11.5) Armour
 - Level 2.6(4.4) Dodging
 - Level 2.1(3.9) Stealth
 + Level 10.5(12.0) Shields
 - Level 11.1(12.5) Spellcasting
 - Level 17.0(19.1) Conjurations
 - Level 3.0(4.9) Summonings
 - Level 2.7(4.5) Necromancy
 - Level 1.9(3.5) Fire Magic
 - Level 1.9(3.6) Ice Magic
 * Level 18.4(20.4) Earth Magic
 - Level 2.7 Evocations


You had 16 spell levels left.
You knew the following spells:

 Your Spells              Type           Power      Damage    Failure   Level
a - Stone Arrow           Conj/Erth      100%       3d13      0%          3
b - Bombard               Conj/Erth      55%        9d9       1%          6
c - Orb of Destruction    Conj           55%        9d14      1%          7
d - Borgnjor's Vile Clut  Necr/Erth      35%        N/A       1%          5
e - Passwall              Erth           91%        N/A       0%          3
f - Sandblast             Erth           100%       2d20      0%          1

Your spell library contained the following spells:

 Spells                   Type           Power      Damage    Failure   Level
 Brom's Barrelling Bould  Conj/Erth      100%       2d11      0%          4
 Foxfire                  Conj/Fire      100%       2x1d9     1%          1
 Shock                    Conj/Air       100%       1d9       1%          1
 Summon Small Mammal      Summ           100%       N/A       1%          1
 Call Canine Familiar     Summ           43%        N/A       1%          3
 Dazzling Flash           Conj/Hex       100%       N/A       1%          3
 Mephitic Cloud           Conj/Alch/Air  68%        N/A       1%          3
 Flame Wave               Conj/Fire      87%        2d19      1%          4
 Leda's Liquefaction      Alch/Erth      32%        N/A       1%          4
 Petrify                  Alch/Erth      64%        N/A       1%          4
 Lee's Rapid Deconstruct  Erth           45%        3d22*     1%          5
 Apportation              Tloc           32%        N/A       4%          1
 Inner Flame              Hex/Fire       26%        N/A       6%          3
 Starburst                Conj/Fire      43%        6d12      6%          6
 Jinxbite                 Hex            32%        N/A       7%          2
 Summon Blazeheart Golem  Fire/Summ      39%        N/A       8%          4
 Swiftness                Air            18%        N/A       12%         3
 Tukima's Dance           Hex            16%        N/A       13%         3
 Curse of Agony           Necr           41%        N/A       19%         5
 Sticky Flame             Fire/Alch      27%        2d7       21%         4
 Spellforged Servitor     Conj/Summ      44%        N/A       26%         7
 Airstrike                Air            9%         2d(2-18)  36%         4
 Passage of Golubria      Tloc           16%        N/A       41%         4
 Summon Forest            Summ/Tloc      15%        N/A       41%         5
 Summon Mana Viper        Hex/Summ       30%        N/A       41%         5
 Summon Cactus Giant      Summ           21%        N/A       65%         6
 Alistair's Intoxication  Alch           12%        N/A       71%         5
 Silence                  Hex/Air        8%         N/A       75%         5
 Yara's Violent Unravell  Hex/Alch       8%         3d5       75%         5
 Plasma Beam              Fire/Air       13%        2x1d24    97%         6
 Eringya's Noxious Bog    Alch           9%         4d6       99%         6


Dungeon Overview and Level Annotations

Branches:
Dungeon (15/15)            Temple (1/1) D:4            Lair (5/5) D:8
  Swamp (4/4) Lair:3       Spider (0/4) Lair:3        Slime (0/5) Lair:5
    Orc (2/2) D:10            Elf (0/3) Orc:2        Vaults (0/5) D:13
 Depths (0/4) D:15          Sewer (visited)

Altars:
Ashenzari
Cheibriados
Dithmenos
Elyvilon
Fedhas
Gozag
Hepliaklqana
Kikubaaqudgha
Makhleb
Nemelex Xobeh
Okawaru
Qazlal
Ru
Sif Muna
Trog
Uskayaw
Vehumet
Wu Jian
Xom
Yredelemnul
Zin
The Shining One

Shops:
D:5 (   D:6 ([   D:11 (   D:14 (   Orc:2 ![?=

Annotations:
D:2 exclusion: downstairs
D:7 2 transporters, aheadsoundss's ghost, weakling DgDe
Lair:3 Kirke
Swamp:3 1 transporter, JaaP's ghost, journeyman HOMo


Innate Abilities, Weirdness & Mutations

You are immune to sickness and miasma.
Your stone body is resilient. (AC +12)
You are immune to poison.
Your large and strong wings let you fly.
You resist negative energy. (rN+)
You are resistant to electric shocks. (rElec)
You are resistant to unholy torment.
You are immune to petrification.


Message History

The stone arrow misses the goliath frog.
The goliath frog hits you. The acid corrodes you!
You are splashed with acid!
The goliath frog closely misses you.
Casting: Stone Arrow (safe; 0% risk of failure)
Confirm with . or Enter, or press ? or * to list all spells.
You don't have enough magic to cast this spell.
Casting: Stone Arrow (safe; 0% risk of failure)
Confirm with . or Enter, or press ? or * to list all spells.
You don't have enough magic to cast this spell.
Casting: Stone Arrow (safe; 0% risk of failure)
Confirm with . or Enter, or press ? or * to list all spells.
You don't have enough magic to cast this spell.
You hit the goliath frog but do no damage.
You blast the goliath frog!!
The goliath frog is heavily wounded.
You block the goliath frog's attack. x2
You miss the goliath frog.
The goliath frog is heavily wounded.
The goliath frog closely misses you. You block the goliath frog's attack. x2
The goliath frog completely misses you.
The five-headed hydra roars!
You hit the goliath frog.
You blast the goliath frog!
The goliath frog is almost dead.
The goliath frog hits you but does no damage.
You hit the goliath frog but do no damage.
You blast the goliath frog!
You kill the goliath frog!
The five-headed hydra roars!
You barely miss the goliath frog. The goliath frog closely misses you.
The goliath frog hits you! The acid corrodes you!
You are splashed with acid!
As you read the scroll of fog, it dissolves into smoke.
You block the goliath frog's attack. JaaP's ghost barely misses you.
Unknown command.
Okay, then.
You hit the goliath frog.
The goliath frog is lightly wounded.
The goliath frog hits you.
You are splashed with acid.
JaaP's ghost hits you!!
* * * LOW HITPOINT WARNING * * *
The goliath frog hits you!
You die...

♣♣~~~...####.©.####...♣♣ ♣~♣♣.
♣♣§~♣...##..#####{.###..♣ ♣~~..
♣.~~.~..#...[)[D}.#.)##.♣♣♣♣♣♣.~~
♣♣♣.~~.##.##W.[###....#.♣♣.~...~~
♣.~~~.#.....#.....#.##.♣...~~.~~
♣♣~~...#©.##.[©..#...#...~§~~~.~♣
♣♣..~♣.#......#w.##..#.~~~~~~~~♣♣
~♣♣.~♣.##...#..W#§...#.~~~.~~~.♣♣
~~~♣....#....#xF@§§.##.~§~..~~.♣♣
♣♣~♣~~~.#####wD###§##..~~~~♣.....
~§~~~~~.....####©###...~~.♣♣♣....
~.~~~....~♣...........♣♣♣♣♣♣.~..♣
.~~......~...~..~..~.~♣.~♣♣~.....
~~.♣....~.~~~~.~..~~...~♣♣~♣♣~~..
...~~~.~~.~.~~~.~~§~~~~♣♣♣♣♣♣.~..
♣♣..~~§~.~♣♣.§♣♣♣..~~§..~♣ ♣♣♣♣♣
♣♣♣.~.~♣♣♣♣~~~.♣♣♣.~~~...♣♣ ♣♣


You could see a bunyip (unable to see you), a five-headed hydra (wandering,
unable to see you), a tyrant leech (wandering, unable to see you), a goliath
frog (unable to see you) and JaaP's ghost.

Vanquished Creatures
  Mlioglotl (Swamp:1)
  A thorn hunter (Swamp:3)
  A frost giant (D:11)
  Nessos (Orc:2)
  5 bunyips
  A deep elf annihilator (D:11)
  3 fire dragons
  Josephine (Lair:5)
  3 shambling mangroves
  21 hydras
  Erolcha (Orc:2)
  A vault guard (D:13)
  5 catoblepae
  An ogre mage (Orc:2)
  9 alligators
  An ice dragon (D:15)
  3 two-headed ogres
  3 boulder beetles
  4 centaur warriors
  A ghost crab (Swamp:1)
  A death knight (D:15)
  A deep troll earth mage (D:11)
  7 death yaks
  A spriggan berserker (Swamp:4)
  Nergalle (Orc:1)
  4 skeletal warriors
  A skyshark (Lair:3)
  Lodul (D:10)
  6 goliath frogs
  A glowing orange brain (D:13)
  9 swamp dragons
  4 spriggan druids
  6 bog bodies
  An orc knight (D:11)
  6 deep elf pyromancers
  9 orc sorcerers
  4 will-o-the-wisps
  4 ugly things
  4 manticores
  6 cyclopes
  A moth of wrath (Swamp:3)
  3 meliai (D:15)
  17 elephants
  Joseph (D:9)
  5 black mambas
  2 kobold blastminers
  5 unseen horrors
  2 gargoyles (D:12)
  10 cane toads
  3 efreet
  2 rime drakes
  2 freezing wraiths (D:14)
  Psyche (D:10)
  A kobold demonologist (D:14)
  2 yaktaurs
  10 komodo dragons
  9 trolls
  2 polar bears
  2 bloated husks (Swamp:3)
  13 tyrant leeches
  Grinder (D:3)
  14 hornets
  5 dream sheep (Lair:4)
  4 blink frogs (Lair:4)
  A slime creature (D:11)
  2 jumping spiders (Lair:3)
  A centaur simulacrum (D:15)
  A spriggan (shapeshifter) (D:11)
  7 wraiths
  5 spriggans
  2 shadows
  5 water elementals (D:15)
  6 hogs
  65 yaks
  4 wyverns
  5 steam dragons
  3 wargs (Orc:2)
  7 basilisks
  2 redbacks (Lair:3)
  20 vampire mosquitoes
  16 swamp worms
  13 water moccasins
  10 orc warriors
  8 swamp drakes (Swamp:4)
  3 black bears
  2 sky beasts (D:7)
  6 laughing skulls
  2 centaurs
  17 ogres
  18 wolves
  2 crocodiles
  5 phantoms
  A brain worm (Sewer)
  5 kobold brigands
  8 bullfrogs
  3 scorpions
  4 gnoll sergeants
  3 wights (D:8)
  9 killer bees
  2 electric eels (D:10)
  2 howler monkeys (D:5)
  2 bombardier beetles
  4 jellies (D:7)
  9 hounds
  14 orc priests
  3 sleepcaps
  4 iguanas
  34 orc wizards
  A killer bee zombie (D:7)
  3 river rats
  10 adders
  10 gnolls
  A shadow imp (D:7)
  2 white imps (D:6)
  7 ufetubi
  5 ribbon worms
  5 dart slugs
  65 orcs
  9 ball pythons
  9 endoplasms
  10 giant cockroaches
  7 goblins
  8 hobgoblins
  6 jackals
  5 bats
  5 frilled lizards
  18 kobolds
  11 rats
803 creatures vanquished.

Vanquished Creatures (others)
  A centaur warrior (D:13)
  A bloated husk (Swamp:4)
  An orc priest (Orc:1)
  An orc (D:8)
  6 foxfires (Swamp:2)
10 creatures vanquished.

Grand Total: 813 creatures vanquished

Notes
Turn   | Place    | Note
-------+----------+-------------------------------------------
     0 | D:1      | gohu the Gargoyle Earth Elementalist began the quest for
                  | the Orb.
     0 | D:1      | Reached XP level 1. HP: 10/10 MP: 3/3
    77 | D:1      | Reached skill level 4 in Earth Magic
   178 | D:1      | Reached XP level 2. HP: 12/15 MP: 1/5
   448 | D:1      | Reached skill level 5 in Earth Magic
   448 | D:1      | Reached XP level 3. HP: 19/19 MP: 3/6
   639 | D:1      | Found a faded altar of an unknown god.
  1590 | D:2      | Reached XP level 4. HP: 9/24 MP: 2/7
  1918 | D:2      | Reached skill level 6 in Earth Magic
  2392 | D:3      | Learned a level 3 spell: Stone Arrow
  2487 | D:3      | Learned a level 3 spell: Passwall
  2523 | D:3      | Reached XP level 5. HP: 28/28 MP: 5/8
  2525 | D:3      | Found a glowing drain.
  2548 | Sewer    | Entered a sewer
  2809 | Sewer    | Noticed a crocodile
  2831 | Sewer    | Killed a crocodile
  2832 | Sewer    | Reached XP level 6. HP: 22/32 MP: 3/9
  2947 | Sewer    | Reached skill level 7 in Earth Magic
  3527 | D:3      | Noticed Grinder
  3647 | D:3      | Found a glowing silver altar of Zin.
  3711 | D:4      | Reached XP level 7. HP: 36/36 MP: 4/10
  3957 | D:4      | Reached skill level 5 in Conjurations
  4046 | D:4      | Reached skill level 1 in Fighting
  4257 | D:4      | Found a staircase to the Ecumenical Temple.
  4266 | Temple   | Entered the Ecumenical Temple
  4279 | Temple   | Became a worshipper of Ashenzari the Shackled
  5266 | D:5      | Entered Level 5 of the Dungeon
  5305 | D:5      | Reached XP level 8. HP: 44/44 MP: 9/12
  5421 | D:5      | Reached skill level 8 in Earth Magic
  6100 | D:5      | Found Fiatiff's Weapon Shoppe.
  6364 | D:5      | Found a shimmering blue altar of Sif Muna.
  6766 | D:3      | Found an opulent altar of Gozag.
  6839 | D:3      | Killed Grinder
  6840 | D:3      | Reached skill level 9 in Earth Magic
  6840 | D:3      | Reached XP level 9. HP: 50/52 MP: 4/15
  6957 | D:3      | Reached * piety under Ashenzari
  6957 | D:3      | Identified a scroll of acquirement
  6958 | D:3      | Acquired the staff of the Moon {rElec Stlth+ Conj}
  7325 | D:6      | Identified the +4 dagger of Circularity {spect, rPois
                  | Will+}
  7399 | D:6      | Found Dexkad's Weapon Shoppe.
  7406 | D:6      | Found Bipoacin's Antique Armour Boutique.
  7510 | D:6      | Reached ** piety under Ashenzari
  7755 | D:7      | Reached skill level 1 in Summonings
  7924 | D:7      | Reached skill level 1 in Armour
  7924 | D:7      | Reached skill level 1 in Shields
  7924 | D:7      | Reached skill level 1 in Necromancy
  7924 | D:7      | Reached skill level 1 in Evocations
  7994 | D:7      | Found a transporter.
  7999 | D:7      | Noticed aheadsoundss's ghost (weakling DgDe)
  8025 | D:7      | Found a transporter.
  8290 | D:7      | Noticed a two-headed ogre
  8779 | D:7      | Reached skill level 10 in Earth Magic
  8779 | D:7      | Killed a two-headed ogre
  8780 | D:7      | Reached XP level 10. HP: 58/58 MP: 1/16
  9189 | D:7      | Reached *** piety under Ashenzari
  9552 | D:8      | Found a staircase to the Lair.
  9726 | D:8      | Reached skill level 1 in Throwing
 10022 | D:8      | Noticed a moth of wrath
 10047 | D:8      | Found a bloodstained altar of Trog.
 10165 | D:8      | Reached **** piety under Ashenzari
 10248 | D:8      | Found a glowing golden altar of the Shining One.
 10249 | D:8      | Noticed a cyclops
 10251 | D:8      | Killed a cyclops
 10630 | D:6      | Bought a shiny buckler for 225 gold pieces
 10713 | D:9      | Found a sparkling altar of Nemelex Xobeh.
 10738 | D:9      | Noticed Joseph
 10744 | D:9      | Killed Joseph
 11238 | D:9      | Reached skill level 11 in Earth Magic
 11358 | D:9      | Reached XP level 11. HP: 66/66 MP: 13/20
 11705 | D:9      | Reached skill level 5 in Armour
 11710 | D:9      | Reached skill level 5 in Fighting
 11710 | D:9      | Reached skill level 5 in Shields
 12116 | D:10     | Entered Level 10 of the Dungeon
 12295 | D:10     | Reached skill level 10 in Conjurations
 12422 | D:10     | Found a staircase to the Orcish Mines.
 12974 | D:10     | Reached skill level 5 in Spellcasting
 12996 | D:10     | Noticed Psyche
 13001 | D:10     | Killed Psyche
 13302 | D:10     | Noticed a centaur warrior
 13319 | D:10     | Killed a centaur warrior
 13515 | D:10     | Found a shimmering altar of Xom.
 13518 | D:10     | Found a radiant altar of Vehumet.
 13652 | D:10     | Found a hazy altar of Hepliaklqana.
 14083 | D:11     | Found Fiatigai's Antique Weapon Shop.
 14087 | D:11     | Reached skill level 12 in Earth Magic
 14251 | D:11     | Noticed a two-headed ogre
 14266 | D:11     | Killed a two-headed ogre
 14267 | D:11     | Reached XP level 12. HP: 72/72 MP: 11/22
 14903 | Lair:1   | Entered Level 1 of the Lair of Beasts
 15146 | Lair:1   | Noticed a catoblepas
 15167 | Lair:1   | Killed a catoblepas
 16862 | Lair:2   | Reached skill level 13 in Earth Magic
 17127 | Lair:2   | Noticed a catoblepas
 17133 | Lair:2   | Killed a catoblepas
 17298 | Lair:2   | Reached skill level 1 in Fire Magic
 17298 | Lair:2   | Reached skill level 1 in Ice Magic
 17367 | Lair:2   | Reached XP level 13. HP: 79/79 MP: 9/25
 18519 | Lair:3   | Found a hole to the Spider Nest.
 18767 | Lair:3   | Noticed Kirke
 20040 | Lair:3   | Reached skill level 14 in Earth Magic
 20621 | Lair:3   | Found a staircase to the Swamp.
 21019 | Lair:4   | Learned a level 7 spell: Orb of Destruction
 21742 | Lair:4   | Identified the +0 chain mail of Context {rF+ Int-3 Dex+3
                  | Stlth+}
 21917 | Lair:4   | Gained mutation: Your large and strong wings let you fly.
                  | [Gargoyle growth]
 21917 | Lair:4   | Reached XP level 14. HP: 80/88 MP: 23/27
 22271 | Lair:5   | Entered Level 5 of the Lair of Beasts
 22519 | Lair:5   | Reached skill level 15 in Earth Magic
 23266 | Lair:5   | Noticed Josephine
 23665 | Lair:5   | Killed Josephine
 24035 | Lair:5   | Found a staircase to the Slime Pits.
 26777 | D:11     | Noticed a deep elf annihilator
 26794 | D:11     | Noticed a frost giant
 26797 | D:11     | Reached skill level 15 in Conjurations
 26909 | D:11     | Identified the +3 long sword of the Candelabrum {drain, rF+
                  | Dex+2}
 26914 | D:11     | Killed a deep elf annihilator
 27349 | D:11     | Killed a frost giant
 27350 | D:11     | Reached skill level 10 in Fighting
 27522 | D:11     | Learned a level 5 spell: Borgnjor's Vile Clutch
 27644 | D:12     | Reached XP level 15. HP: 96/96 MP: 10/29
 30059 | D:13     | Found a gate to the Vaults.
 31578 | D:14     | Found Kithri Mule's Weapon Boutique.
 32337 | D:15     | Entered Level 15 of the Dungeon
 33638 | D:15     | Found a staircase to the Depths.
 33790 | Orc:1    | Entered Level 1 of the Orcish Mines
 34045 | Orc:1    | Noticed Nergalle
 34152 | Orc:1    | Killed Nergalle
 34294 | Orc:2    | Entered Level 2 of the Orcish Mines
 34340 | Orc:2    | Found a staircase to the Elven Halls.
 34380 | Orc:2    | Reached skill level 10 in Spellcasting
 34769 | Orc:2    | Noticed Nessos
 34774 | Orc:2    | Killed Nessos
 35885 | Orc:2    | Found Daqoiti's Antique Armour Boutique.
 35988 | Orc:2    | Found Umouk's Distillery.
 36123 | Orc:2    | Bought a potion of curing for 39 gold pieces
 36123 | Orc:2    | Bought a potion of curing for 39 gold pieces
 36123 | Orc:2    | Bought a potion of curing for 39 gold pieces
 36123 | Orc:2    | Bought a potion of magic for 104 gold pieces
 36123 | Orc:2    | Bought a potion of resistance for 130 gold pieces
 36134 | Orc:2    | Found an ancient bone altar of Kikubaaqudgha.
 36216 | Orc:2    | Found Piufim's Magic Scroll Boutique.
 36262 | Orc:2    | Reached XP level 16. HP: 104/104 MP: 22/32
 36360 | Orc:2    | Noticed Erolcha
 36383 | Orc:2    | Killed Erolcha
 36527 | Orc:2    | Bought a scroll of blinking for 112 gold pieces
 36527 | Orc:2    | Bought a scroll of enchant armour for 112 gold pieces
 36529 | Orc:2    | Found a radiant altar of Vehumet.
 36563 | Orc:2    | Found Kishis's Jewellery Shop.
 36570 | Orc:2    | Bought a +6 ring of intelligence for 360 gold pieces
 36570 | Orc:2    | Bought the amulet "Ludaorak" {Reflect Str+4 SH+5} for 454
                  | gold pieces
 36624 | Orc:2    | Bought a dazzling robe for 188 gold pieces
 36624 | Orc:2    | Identified the +0 robe of Orurek {Regen+ Slay+2} (You
                  | bought it in a shop on level 2 of the Orcish Mines)
 37371 | D:10     | Noticed Lodul
 37392 | D:10     | Reached skill level 16 in Earth Magic
 37394 | D:10     | Killed Lodul
 37643 | Swamp:1  | Entered Level 1 of the Swamp
 37749 | Lair:3   | Learned a level 6 spell: Bombard
 39484 | Swamp:2  | Noticed Mlioglotl
 39653 | Swamp:1  | Killed Mlioglotl
 41129 | Swamp:3  | Noticed a thorn hunter
 41149 | Swamp:3  | Killed a thorn hunter
 41411 | Swamp:3  | Found a transporter.
 41415 | Swamp:3  | Noticed JaaP's ghost (journeyman HOMo)
 41415 | Swamp:3  | Identified the +3 pair of gloves of Vehumet's Inspiration
                  | {rElec}
 41415 | Swamp:3  | Identified the +0 pair of boots "Qupuuwke" {Int+2}
 41441 | Swamp:3  | Found a transporter.
 41478 | Swamp:3  | Reached skill level 17 in Earth Magic
 41871 | Swamp:4  | Entered Level 4 of the Swamp
 43445 | Swamp:4  | Reached XP level 17. HP: 107/111 MP: 9/33
 43967 | Swamp:4  | Reached skill level 10 in Shields
 44607 | Swamp:4  | Reached skill level 18 in Earth Magic
 45939 | Swamp:4  | Got a decaying rune of Zot
 46286 | Swamp:3  | Reached skill level 10 in Armour
 46293 | Swamp:3  | Mangled by a goliath frog

Illustrated notes

Levels and vault maps discovered:
D:1:      eino_arrival_water_cross, layout_basic,
          hellmonk_ecumenical_altar_arch_garden, minmay_worlds_worst_comb
D:2:      layout_basic
D:3:      layout_basic, nicolae_gozag_seed_capital,
          nicolae_overflow_hidden_temple,
          mainiacjoe_sewer_entry_somewhere_in_here_1, uniq_grinder
D:4:      layout_layer_cave, minmay_temple_entry_waves
D:5:      layout_basic, tgw_sif, serial_shops, nicolae_shop_bloodbath_and_beyond
D:6:      layout_rooms, serial_shops, shop, shop
D:7:      regret_index_malice_mire, layout_basic, gammafunk_ghost_stat_death,
          st_stairs_6
D:8:      layout_basic, tgw_trog, tso_altar, dpeg_oklobed_lair
D:9:      layout_loops_corners, lemuel_doored_altar, uniq_joseph
D:10:     layout_loops_cross, marbit_many_paths, nicolae_overflow_squiral,
          kennysheep_orc_monster_closet_entryway, uniq_lodul, uniq_psyche
D:11:     minmay_tile_spiral, layout_rooms, serial_shops, shop
D:12:     layout_gridville
D:13:     minmay_tri_box, layout_basic, hellmonk_vaults_order_and_chaos
D:14:     layout_small_grid, minmay_holes, serial_shops, nicolae_shop_trees
D:15:     grunt_enter_depths_hoard, layout_layer_cave, minmay_curled_crystal,
          serial_bayou_lake_a
Temple:   nicolae_temple_ecumenical_triangle
Lair:1:   layout_loops_ring, infiniplex_staircase_pool
Lair:2:   layout_cave_pods, grunt_forest_large_clearings
Lair:3:   layout_roguey, mainiacjoe_swamp_entry_angry_trees,
          spider_nest_entry_a, grunt_megastairs_2, uniq_kirke
Lair:4:   layout_concentric_octagons, lemuel_fruit_tree
Lair:5:   evilmike_catoblepas_cave, layout_cave_pods, dpeg_slime_entry_enclosed,
          uniq_josephine
Swamp:1:  layout_basic_swamp, evilmike_swamp_ruin_house_3
Swamp:2:  layout_falls_marsh, nicolae_swamp_stuck_in_the_mud, uniq_mlioglotl
Swamp:3:  layout_basic_swamp, gammafunk_ghost_berserking_beasts,
          evilmike_swamp_ruin_house_4, swamp_pool_3,
          nicolae_swamp_round_clearing, nicolae_swamp_alligator_family
Swamp:4:  swamp_basic_johnstein, layout_basic_swamp, swamp_pool_3
Orc:1:    layout_caves, uniq_nergalle
Orc:2:    kennysheep_orc_mage_school, layout_caves, david_defended_altar_orc,
          uniq_nessos

Skill      XL: |  1  2  3  4  5  6  7  8  9 10 11 12 13 14 15 16 17 |
---------------+----------------------------------------------------+-----
Earth Magic    | 4 5 6 7 9 10 11 12 13 14 15 17 18 | 18.4
Conjurations   | 3 4 6 7 8 9 10 11 13 15 17 | 17.0
Fighting       | 2 4 5 6 8 10 11 12 | 12.8
Spellcasting   | 4 5 6 7 8 10 11 | 11.1
Summonings     | 2 3 |  3.0
Armour         | 2 4 6 7 9 10 | 10.0
Shields        | 2 4 6 7 8 9 10 | 10.5
Necromancy     | 2 |  2.7
Evocations     | 2 |  2.7
Throwing       | 1 |  1.0
Dodging        | 2 |  2.6
Fire Magic     | 1 |  1.9
Ice Magic      | 1 |  1.9
Stealth        | |  2.1

Action                     |  1- 3 |  4- 6 |  7- 9 | 10-12 | 13-15 | 16-18 || total
---------------------------+-------+-------+-------+-------+-------+-------++-------
  Melee: Short sword       |     8 |    25 |       |       |       |       ||    33
         Staff             |       |       |       |     6 |    43 |    45 ||    94
   Fire: Sling             |       |       |    11 |    10 |       |       ||    21
  Throw: Boomerang         |       |     4 |    12 |     2 |    48 |     5 ||    71
   Cast: Sandblast         |    47 |    68 |   177 |   256 |   193 |     1 ||   742
         Passwall          |       |     2 |       |       |       |       ||     2
         Stone Arrow       |       |       |    26 |   162 |   596 |   145 ||   929
         Borgnjor's Vile C |       |       |       |       |    22 |    12 ||    34
         Orb of Destructio |       |       |       |       |    60 |    49 ||   109
         Bombard           |       |       |       |       |       |   136 ||   136
 Invoke: Curse Item        |       |       |     4 |     4 |     1 |       ||     9
         Shatter the Chain |       |       |       |     1 |     2 |     1 ||     4
  Evoke: Wand              |       |       |     5 |     5 |     5 |       ||    15
    Use: Scroll            |       |     2 |     1 |       |     2 |     2 ||     7
         Potion            |       |       |       |       |     2 |     2 ||     4
 Armour: Robe              |    18 |    23 |    61 |   182 |    96 |       ||   380
         Leather armour    |       |       |       |       |   353 |   320 ||   673
  Dodge: Dodged            |    13 |    31 |    51 |   135 |   250 |   155 ||   635
  Block: Buckler           |       |       |       |    98 |   219 |   185 ||   502
         Reflection        |       |       |       |       |       |    18 ||    18
